 Dungeon Crawl Stone Soup version 0.21-a0-2-ge494091 (webtiles) character file.

105 Lexie the Firebug (level 4, -2/27 HPs)
             Began as an Octopode Fire Elementalist on May 21, 2017.
             Slain by an adder (3 damage)
             ... on level 2 of the Dungeon.
             The game lasted 00:02:44 (2509 turns).

Lexie the Firebug (Octopode Fire Elementalist)      Turns: 2509, Time: 00:02:45

Health: -2/27      AC:  1    Str:  7    XL:     4   Next: 83%
Magic:  0/9        EV: 13    Int: 18    God:
Gold:   132        SH:  0    Dex: 12    Spells: 3/9 levels left

rFire    . . .     SeeInvis .   g - +0 dagger
rCold    . . .     Gourm    .   (no shield)
rNeg     . . .     Faith    .   (helmet restricted)
rPois    .         Spirit   .   (no amulet)
rElec    .         Reflect  .   (no ring)
rCorr    .         Harm     .   (no ring)
MR       .....                  (no ring)
Stlth    +++.......             (no ring)
Regen    0.1/turn               (no ring)
MPRegen  0.2/turn               (no ring)
                                (no ring)
                                (no ring)

@: lethally poisoned (-2 -> -14)
A: almost no armour, stealthy swim, amphibious, 8 rings, constrict 8, camouflage
1, gelatinous body 1
a: no special abilities


You were on level 2 of the Dungeon.
You were not hungry.

You visited 1 branch of the dungeon, and saw 2 of its levels.

You collected 132 gold pieces.

Inventory:

Hand Weapons
 g - a +0 dagger (weapon)
Scrolls
 c - 3 scrolls of identify {unknown}
 h - a scroll of immolation {unknown}
 i - a scroll of enchant weapon {unknown}
 l - a scroll of remove curse {unknown}
Potions
 d - a potion of flight {unknown}
 e - 2 potions of invisibility {unknown}
 k - a potion of heal wounds {unknown}
Books
 a - a book of Flames

   Spells                             Type                      Level
   a - Flame Tongue                   Conjuration/Fire             1
   b - Throw Flame                    Conjuration/Fire             2
   c - Conjure Flame                  Conjuration/Fire             3
   d - Inner Flame                    Hexes/Fire                   3
   e - Sticky Flame                   Conjuration/Fire             4
   f - Fireball                       Conjuration/Fire             5
Comestibles
 b - 3 bread rations
 f - a meat ration


   Skills:
 - Level 2.0 Dodging
 - Level 2.6 Stealth
 * Level 3.3 Spellcasting
 * Level 2.8 Conjurations
 + Level 3.4 Fire Magic


You had 3 spell levels left.
You knew the following spells:

 Your Spells              Type           Power        Failure   Level  Hunger
a - Flame Tongue          Conj/Fire      ##...        4%          1    None
b - Throw Flame           Conj/Fire      ##....       7%          2    ##.....
c - Conjure Flame         Conj/Fire      ##......     13%         3    ###....


Dungeon Overview and Level Annotations

Branches:
Dungeon (2/15)

Altars:


Innate Abilities, Weirdness & Mutations

You cannot wear most types of armour.
You are very stealthy in the water. (Stealth+)
You are amphibious.
You can wear up to eight rings at the same time.
You can use your tentacles to constrict eight enemies at once.
Your skin changes colour to match your surroundings (Stealth+).
Your rubbery body absorbs attacks. (AC +1, EV +1)


Message History

The adder is severely wounded.
The adder closely misses you.
* * * LOW HITPOINT WARNING * * *
You feel sick.
* * * LOW HITPOINT WARNING * * *
You feel sick. The adder bites you.
* * * LOW HITPOINT WARNING * * *
You are more poisoned.
The adder poisons you!
* * * LOW HITPOINT WARNING * * *
You feel sick.
You barely miss the adder. Your grab misses the adder.
The adder is severely wounded.
* * * LOW HITPOINT WARNING * * *
You feel sick. The adder barely misses you.
You miss the adder. Your grab misses the adder.
The adder is severely wounded.
* * * LOW HITPOINT WARNING * * *
You feel sick. The adder bites you.
You die...

#............#########...####..#
##.........#### #.#...##..#
...........# #### #.##.......
#..........# ##..# #.##.......
..........## ##...# #.##...##..
...#.....## ###..#.###.#...####.
#......######...#............###
###....###...................###
..##..#......[.S@................
...#..###.....................###
..... ##.)...................# #
.....###......................# #
.....##..#....................# #
...................(..........###
.........................#.......
.....#.#####.######..#.....######
....##.# #.######).#.........##


You could see an adder.

Vanquished Creatures
  5 adders (D:2)
  An ooze (D:1)
  2 worms (D:2)
  3 dart slugs
  3 leopard geckos
  5 bats
  2 giant cockroaches (D:2)
  7 goblins
  2 hobgoblins
  3 ball pythons (D:2)
  3 frilled lizards
  4 kobolds
  6 rats
46 creatures vanquished.

Notes
Turn   | Place    | Note
-------+----------+-------------------------------------------
     0 | D:1      | Lexie the Octopode Fire Elementalist began the quest for the Orb.
     0 | D:1      | Reached XP level 1. HP: 11/11 MP: 3/3
   197 | D:1      | Reached XP level 2. HP: 16/17 MP: 1/5
   748 | D:1      | Noticed an ogre
   748 | D:1      | Noticed an ogre
   750 | D:1      | Noticed an ogre
   750 | D:1      | Reached XP level 3. HP: 21/21 MP: 3/6
   751 | D:1      | Noticed an ogre
  1375 | D:2      | HP: 1/21 [poisoned by an adder]
  1741 | D:2      | Reached XP level 4. HP: 27/27 MP: 3/8
  1876 | D:2      | Learned a level 2 spell: Throw Flame
  1880 | D:2      | Learned a level 3 spell: Conjure Flame
  2509 | D:2      | HP: 1/27 [poisoned by an adder]
  2509 | D:2      | Slain by an adder

Vault maps used:
D:1:      erik_arrival_cave_to_civilisation
D:2:      first_bread

Skill      XL: |  1  2  3 |
---------------+----------+-----
Conjurations   | 2 |  2.8
Spellcasting   | 3 |  3.3
Dodging        | |  2.0
Stealth        | |  2.6
Fire Magic     | |  3.4

Action                   |  1- 3 |  4- 6 || total
-------------------------+-------+-------++-------
Melee: Dagger            |     5 |     5 ||    10
       Constrict         |     3 |     3 ||     6
       Tentacles         |     2 |     1 ||     3
 Cast: Flame Tongue      |    53 |    43 ||    96
  Eat: Chunk             |     1 |     4 ||     5
Armor: Skin              |     3 |     1 ||     4
Dodge: Dodged            |    26 |    17 ||    43
